 Dungeon Crawl Stone Soup version 0.28.0-47-ge53b351184 (webtiles) character file.

Game seed: 18051211729906140102

10876 nickcage the Bludgeoner (level 11, -1/94 HPs)
             Began as a Minotaur Abyssal Knight on May 3, 2022.
             Was an Elder of Lugonu.
             Succumbed to a black mamba's poison
             ... on level 1 of the Lair of Beasts.
             The game lasted 00:31:13 (10840 turns).

nickcage the Bludgeoner (Minotaur Abyssal Knight)  Turns: 10840, Time: 00:31:13

Health: -1/94      AC: 13    Str: 22    XL:     11   Next: 41%
Magic:  14/14      EV:  9    Int:  2    God:    Lugonu [****..]
Gold:   180        SH: 10    Dex: 11    Spells: 10/10 levels left

rFire   + . .      SeeInvis +   v - +1 mace (holy)
rCold   . . .      Faith    +   z - +0 kite shield
rNeg    . . .      Spirit   .   f - +5 scale mail of Ojoirr {+Inv Int-5 Slay+2 SInv}
rPois   .          Reflect  .   (helmet restricted)
rElec   +          Harm     .   (no cloak)
rCorr   .          Rampage  +   (no gloves)
Will    .....                   (no boots)
Stlth   ..........              I - amulet of Xom's Bemusement {Faith Rampage rElec rF+ Regen+}
HPRegen 1.05/turn               G - ring of flight
MPRegen 0.14/turn               (no ring)

@: lethally poisoned (-1 -> -32), flying
A: horns 2, retaliatory headbutt
a: Renounce Religion, Evoke Invisibility, Depart the Abyss, Bend Space, Banish,
Corrupt


You were on level 1 of the Lair of Beasts.
You worshipped Lugonu.
Lugonu was greatly pleased with you.
You visited 2 branches of the dungeon, and saw 12 of its levels.
You visited the Abyss 1 time.
You also visited: Sewer and Bailey.

You collected 1217 gold pieces.
You spent 1037 gold pieces at shops.

Inventory:

Hand Weapons
 a - a +1 mace
 v - a +1 mace of holy wrath (weapon)
 E - a +0 morningstar
Missiles
 h - 14 boomerangs (quivered)
 n - 28 poisoned darts
 p - 4 throwing nets
Armour
 b - a +0 leather armour
 d - a +1 scale mail
 f - the +5 scale mail of Ojoirr (worn) {+Inv Int-5 Slay+2 SInv}
   (You found it on level 2 of the Dungeon)

   Int:       It affects your intelligence (-5).
   Slay:      It affects your accuracy & damage with ranged weapons and melee
   (+2).
   SInv:      It lets you see invisible.
   +Inv:      It lets you turn invisible.
 z - a +0 kite shield (worn)
 F - a +3 scale mail of fire resistance
Jewellery
 c - an amulet of regeneration
 r - a ring of see invisible
 G - a ring of flight (left hand)
 I - the amulet of Xom's Bemusement (around neck) {Faith Rampage rElec rF+ Regen+}
   (You bought it in a shop on level 10 of the Dungeon)

   [amulet of faith]

   It allows you to gain divine favour quickly.
   rF:        It protects you from fire.
   rElec:     It insulates you from electricity.
   Regen:     It increases your rate of health regeneration.
   Rampage:   It bestows one free step when moving towards enemies.
 J - a +6 ring of dexterity
Wands
 g - a wand of flame (51)
 A - a wand of iceblast (9)
 C - a wand of polymorph (7)
Scrolls
 j - a scroll of holy word
 m - a scroll of blinking
 o - 3 scrolls of identify
 q - 5 scrolls of immolation
 t - 7 scrolls of vulnerability
 u - 3 scrolls of teleportation
 w - a scroll of summoning
 y - a scroll of fog
 B - 2 scrolls of noise
 H - a scroll of fear
Potions
 k - 2 potions of haste
 l - a potion of berserk rage {unknown}
 s - 3 potions of degeneration
 x - a potion of attraction
 D - 3 potions of mutation


   Skills:
 + Level 8.0 Fighting
 - Level 15.0 Maces & Flails
 - Level 0.3 Throwing
 + Level 9.2 Armour
 - Level 1.1 Dodging
 + Level 8.5 Shields
 - Level 5.7 Invocations


You had 10 spell levels left.
You didn't know any spells.
Your spell library contained the following spells:

 Spells                   Type           Power      Damage    Failure   Level
 Corpse Rot               Necr/Air       0%         N/A       99%         2
 Tukima's Dance           Hex            0%         N/A       100%        3
 Anguish                  Hex/Necr       0%         N/A       100%        4
 Enfeeble                 Hex            0%         N/A       100%        7


Dungeon Overview and Level Annotations

Branches:
Dungeon (11/15)            Temple (0/1) D:5            Lair (1/6) D:10
  Sewer (visited)          Bailey (visited)
    Orc: D:9-12

Altars:
Cheibriados
Dithmenos
Elyvilon
Fedhas
Gozag
Kikubaaqudgha
Makhleb
Qazlal
Sif Muna
Trog
Uskayaw
Vehumet
Wu Jian
Yredelemnul
Zin
The Shining One
Jiyva

Shops:
D:1 !   D:2 =   D:10 =

Annotations:
D:9 2 transporters


Innate Abilities, Weirdness & Mutations

You have a pair of horns on your head.
You reflexively headbutt those who attack you in melee.


Message History

The black mamba bites you but does no damage.
The black mamba bites you.
You miss the black mamba. You headbutt the black mamba.
The black mamba is severely wounded.
You feel very sick. You block the black mamba's attack.
You sock the black mamba!
The black mamba is almost dead.
You feel very sick. You block the black mamba's attack.
The black mamba bites you.
You are lethally poisoned!
The black mamba poisons you!
You hit the black mamba. Your headbutt misses the black mamba.
The black mamba is almost dead.
* * * LOW HITPOINT WARNING * * *
You feel extremely sick. The black mamba barely misses you.
You miss the black mamba.
The black mamba is almost dead.
* * * LOW HITPOINT WARNING * * *
You feel extremely sick. The black mamba bites you!
* * * LOW HITPOINT WARNING * * *
You block the black mamba's attack.
You feel much better.
* * * LOW HITPOINT WARNING * * *
You feel extremely sick. The black mamba bites you.
* * * LOW HITPOINT WARNING * * *
You are more poisoned.
The black mamba poisons you!
You barely miss the black mamba. You headbutt the black mamba.
You kill the black mamba!
Lugonu accepts your kill.
* * * LOW HITPOINT WARNING * * *
You feel extremely sick.
Your Fighting skill increases to level 8!
It was a potion of flight.
You feel more buoyant.
You die...

# ### #.######.############### ..
........................ ..
..........)............. ..
........................ ..
..........†........(.... ..
#######@############....
..########.P###Y###..P######.....
...............YY......[.........
.!.............Y.................
.................................
......>..........................
###..............................
#..............................
#..............................


You could see 3 yaks.

Vanquished Creatures
  Erolcha (D:9)
  A centaur warrior (D:10)
  A cyclops (D:10)
  A black mamba (Lair:1)
  2 cane toads (Lair:1)
  A komodo dragon (Lair:1)
  2 trolls
  Grinder (D:4)
  2 hornets
  A wraith (D:9)
  2 vampires (D:9)
  A basilisk (Lair:1)
  2 steam dragons
  9 yaks
  7 water moccasins
  2 black bears (D:5)
  An ice beast (D:6)
  2 sky beasts
  10 orc warriors
  2 ogres
  3 centaurs
  6 kobold brigands (Bailey)
  2 bullfrogs (Lair:1)
  3 scorpions
  A gnoll sergeant (D:6)
  2 water moccasin zombies
  2 water moccasin skeletons
  10 killer bees (D:8)
  A gnoll shaman (D:6)
  4 orc priests
  3 centaur zombies
  A hound (D:4)
  2 centaur skeletons
  3 jellies
  Jessica (D:2)
  3 iguanas
  Natasha (twice) (D:2)
  6 orc wizards
  A killer bee zombie (D:7)
  A hound skeleton (D:4)
  2 howler monkey zombies (D:10)
  Robin (D:2)
  7 adders
  17 gnolls
  A shadow imp (D:8)
  3 ufetubi
  3 adder skeletons (D:4)
  3 worms (D:2)
  4 dart slugs
  20 orcs
  5 ball pythons
  4 endoplasms
  7 giant cockroaches
  19 goblins
  10 hobgoblins
  5 jackals
  A quokka (D:3)
  9 bats
  4 frilled lizards
  11 kobolds
  5 rats
  2 toadstools (D:1)
251 creatures vanquished.

Vanquished Creatures (others)
  11 plants
  2 toadstools (D:1)
  A withered plant (D:5)
14 creatures vanquished.

Grand Total: 265 creatures vanquished

Notes
Turn   | Place    | Note
-------+----------+-------------------------------------------
     0 | Abyss:1  | nickcage the Minotaur Abyssal Knight began the quest for
                  | the Orb.
     0 | Abyss:1  | Reached XP level 1. HP: 19/19 MP: 1/1
     0 | D:1      | Escaped the Abyss
    15 | D:1      | Found Bale's Distillery.
   109 | D:1      | Reached * piety under Lugonu
   275 | D:1      | Reached XP level 2. HP: 24/27 MP: 2/2
   510 | D:1      | Reached skill level 3 in Maces & Flails
   859 | D:2      | Reached XP level 3. HP: 27/33 MP: 3/3
   927 | D:2      | Identified the +5 scale mail of Ojoirr {+Inv Int-5 Slay+2
                  | SInv}
  1100 | D:2      | Reached skill level 4 in Maces & Flails
  1111 | D:2      | Reached XP level 4. HP: 17/40 MP: 4/4
  1319 | D:2      | Found Beregg's One-of-a-Kind Rings.
  1621 | D:2      | Noticed Jessica
  1626 | D:2      | Killed Jessica
  1627 | D:2      | Reached skill level 5 in Maces & Flails
  1716 | D:2      | Noticed Natasha
  1716 | D:2      | Noticed Robin
  1738 | D:2      | Killed Natasha
  1739 | D:2      | Reached XP level 5. HP: 34/46 MP: 5/5
  1743 | D:2      | Reached ** piety under Lugonu
  1750 | D:2      | Killed Robin
  1751 | D:2      | Reached skill level 6 in Maces & Flails
  1905 | D:2      | Noticed Natasha
  1911 | D:2      | Killed Natasha
  2333 | D:3      | Found a glowing drain.
  2348 | Sewer    | Entered a sewer
  2371 | Sewer    | Noticed a water moccasin
  2384 | Sewer    | Killed a water moccasin
  2385 | Sewer    | Reached skill level 7 in Maces & Flails
  2385 | Sewer    | Reached XP level 6. HP: 34/52 MP: 6/6
  2692 | D:3      | Found a faded altar of an unknown god.
  3036 | D:4      | Reached skill level 8 in Maces & Flails
  3166 | D:4      | Reached *** piety under Lugonu
  3230 | D:4      | Reached skill level 9 in Maces & Flails
  3230 | D:4      | Reached XP level 7. HP: 44/59 MP: 7/7
  3360 | D:4      | Noticed Grinder
  3367 | D:4      | Killed Grinder
  3670 | D:4      | Identified the +0 chain mail "Pyunyjue" {Rampage rC- Str+3
                  | Stlth+}
  3682 | D:5      | Entered Level 5 of the Dungeon
  3734 | D:5      | Reached skill level 10 in Maces & Flails
  3819 | D:5      | Found an ancient bone altar of Kikubaaqudgha.
  3820 | D:5      | Found a blossoming altar of Fedhas.
  3858 | D:5      | Found a hide-covered altar of Uskayaw.
  3873 | D:5      | Reached XP level 8. HP: 52/66 MP: 9/9
  3993 | D:5      | Reached skill level 11 in Maces & Flails
  4137 | D:5      | Found a staircase to the Ecumenical Temple.
  4137 | D:5      | Found an opulent altar of Gozag.
  4941 | D:6      | Reached skill level 12 in Maces & Flails
  4993 | D:6      | Identified the +3 ring mail of Cigisuf {+Inv rF+ Dex+4
                  | Slay-2}
  5027 | D:6      | Found a bloodstained altar of Trog.
  5057 | D:6      | Found a shimmering blue altar of Sif Muna.
  5072 | D:6      | Got Sif Muna's Handbook of Weightlessness
  5439 | D:6      | Reached skill level 13 in Maces & Flails
  5439 | D:6      | Reached XP level 9. HP: 68/71 MP: 11/11
  6075 | D:7      | Found a basalt altar of Yredelemnul.
  6102 | D:7      | Reached skill level 1 in Shields
  6174 | D:7      | Found a glowing silver altar of Zin.
  6460 | D:7      | Found a shadowy altar of Dithmenos.
  6700 | D:8      | Reached skill level 14 in Maces & Flails
  6700 | D:8      | Reached skill level 5 in Invocations
  6884 | D:8      | Reached **** piety under Lugonu
  6928 | D:8      | Reached skill level 15 in Maces & Flails
  6949 | D:8      | Reached XP level 10. HP: 21/79 MP: 13/13
  7053 | D:8      | Found an ornate altar of the Wu Jian Council.
  7136 | D:8      | Paralysed by a hornet for 2 turns
  7215 | D:8      | Found a flagged portal.
  7226 | Bailey   | Entered a bailey
  7250 | Bailey   | Reached skill level 5 in Shields
  7419 | Bailey   | Reached skill level 5 in Fighting
  7433 | Bailey   | Reached skill level 5 in Armour
  7510 | Bailey   | Found a bloodstained altar of Trog.
  7518 | Bailey   | Identified the +10 dagger "Pisyit" {pain, *Corrode rElec
                  | Will+ Str+2}
  7566 | D:8      | You fall into a shaft and drop 3 floors!
  7574 | D:10     | Entered Level 10 of the Dungeon
  7647 | D:10     | Found a stormy altar of Qazlal.
  7648 | D:10     | Noticed a cyclops
  7661 | D:10     | Found a staircase to the Lair.
  7866 | D:9      | Noticed Erolcha
  7923 | D:9      | Killed Erolcha
  8561 | D:9      | Found a radiant altar of Vehumet.
  8562 | D:9      | Found a burning altar of Makhleb.
  8563 | D:9      | Found a white marble altar of Elyvilon.
  8564 | D:9      | Found a snail-covered altar of Cheibriados.
  8625 | D:9      | Found a transporter.
  8630 | D:9      | Found a viscous altar of Jiyva.
  8630 | D:9      | Noticed a glowing orange brain
  9078 | D:9      | Found a transporter.
  9158 | D:9      | Reached XP level 11. HP: 81/91 MP: 14/14
  9686 | D:10     | Found a shadowy altar of Dithmenos.
  9686 | D:10     | Noticed a centaur warrior
  9764 | D:10     | Found Tecaet's Jewellery Shop.
  9771 | D:10     | Bought the amulet of Xom's Bemusement {Faith Rampage rElec
                  | rF+ Regen+} for 1037 gold pieces
  9885 | D:10     | Found a glowing golden altar of the Shining One.
  9912 | D:10     | Killed a centaur warrior
 10410 | Lair:1   | Entered Level 1 of the Lair of Beasts
 10840 | Lair:1   | Succumbed to a black mamba's poison

Illustrated notes

Levels and vault maps discovered:
D:1:      ldierk_water_garden, layout_loops_ring, serial_shops, shop,
          serial_park_tiny_2, minmay_misc_feat_x
D:2:      layout_basic, minivault_25, nicolae_shop_unique_rings,
          serial_bayou_ford_a, uniq_robin, uniq_jessica, uniq_natasha
D:3:      layout_loops_cross, portal_sewer_entry_a,
          nicolae_ecumenical_lake_church
D:4:      layout_loops_ring, minmay_diced_spiral, uniq_grinder
D:5:      layout_loops_ring, grunt_temple_overflow_growth_and_decay,
          mainiacjoe_overflow_paths, old_standard_altar, temple_statues,
          lightli_corner_chamber
D:6:      layout_basic, nzn_overflow_gifts_of_might_and_magic
D:7:      layout_loops_cross, lemuel_tele_altar, kennysheep_mini, zin_academy
D:8:      layout_cave_pools, nicolae_wu_jian_wuxing_cycle, enter_bailey_3
D:9:      gammafunk_jiyva_shrine, layout_gridville,
          mainiacjoe_overflow_alcove_3, uniq_erolcha
D:10:     layout_grid_maze, mainiacjoe_overflow_cross_hatched, lair_entry_dummy,
          serial_shops, shop, hangedman_feature_mirror
D:11:     layout_basic, orc_0_dummy, hangedman_abyss_or_decor_jellyfish_corner
Lair:1:   layout_long_grid, tgw_fedhas, serial_bayou_shore_a

Skill      XL: |  1  2  3  4  5  6  7  8  9 10 11 |
---------------+----------------------------------+-----
Fighting       | 4 6 8 |  8.0
Invocations    | 2 3 4 5 |  5.7
Maces & Flails | 3 4 5 7 9 10 13 15 | 15.0
Shields        | 4 7 8 |  8.5
Armour         | 7 9 |  9.2
Throwing       | |  0.3
Dodging        | |  1.1

Action                   |  1- 3 |  4- 6 |  7- 9 | 10-12 || total
-------------------------+-------+-------+-------+-------++-------
Melee: Mace              |    66 |   134 |   297 |   397 ||   894
       Headbutt          |    11 |    14 |    56 |    75 ||   156
Throw: Boomerang         |       |     3 |       |    10 ||    13
Invok: Depart the Abyss  |     1 |       |       |       ||     1
  Use: Scroll            |       |     2 |    14 |     2 ||    18
       Potion            |       |       |       |     4 ||     4
Armor: Leather armour    |     7 |       |       |       ||     7
       Scale mail        |    27 |    67 |   139 |   114 ||   347
       Skin              |       |       |       |    22 ||    22
Dodge: Dodged            |    29 |    86 |    94 |    99 ||   308
Block: Kite shield       |       |       |    81 |   164 ||   245
